 Dungeon Crawl Stone Soup version 0.28.0 (webtiles) character file.

Game seed: 17848169011603285433

60 Prodoman the Magician (level 3, -1/24 HPs)
             Began as a Demonspawn Hedge Wizard on Feb 4, 2022.
             Slain by Sigmund (4 damage)
             ... on level 2 of the Dungeon.
             The game lasted 00:06:50 (1880 turns).

Prodoman the Magician (Demonspawn Hedge Wizard)     Turns: 1880, Time: 00:06:50

Health: -1/24      AC:  2    Str: 10    XL:     3   Next: 82%
Magic:  6/8        EV: 12    Int: 17    God:
Gold:   29         SH:  0    Dex: 12    Spells: 6/9 levels left

rFire   x . .      SeeInvis .   k - +4 whip of Hepliaklqana {drain, rElec rN+}
rCold   + . .      Faith    .   (no shield)
rNeg    + . .      Spirit   .   b - +0 robe
rPois   .          Reflect  .   c - +0 hat
rElec   +          Harm     .   (no cloak)
rCorr   .          Rampage  .   (no gloves)
Will    .....                   (no boots)
Stlth   ++........              (no amulet)
HPRegen 0.08/turn               d - ring of ice
MPRegen 0.11/turn               (no ring)

@: no status effects
A: foul stench 2
a: no special abilities


You were on level 2 of the Dungeon.
You visited 1 branch of the dungeon, and saw 2 of its levels.

You collected 29 gold pieces.

Inventory:

Hand Weapons
 a - a +0 dagger
 e - a +2 dagger of draining
 k - the +4 whip of Hepliaklqana (weapon) {drain, rElec rN+}
   (You found it on level 2 of the Dungeon)

   A truly terrible weapon, it drains the life of any living foe it strikes.
   rElec:     It insulates you from electricity.
   rN:        It protects you from negative energy.
Armour
 b - a +0 robe (worn)
 c - a +0 hat (worn)
Jewellery
 d - a ring of ice (left hand)
Scrolls
 h - a scroll of identify {unknown}
 i - a scroll of fear {unknown}
 j - a scroll of amnesia {unknown}
Potions
 g - a potion of attraction {unknown}


   Skills:
 - Level 2.0 Dodging
 - Level 2.0 Stealth
 * Level 3.7 Spellcasting
 + Level 1.8 Conjurations
 + Level 1.9 Summonings
 - Level 1.0 Translocations


You had 6 spell levels left.
You knew the following spells:

 Your Spells              Type           Power      Damage    Failure   Level
a - Magic Dart            Conj           36%        1d4       8%          1
b - Call Imp              Summ           9%         N/A       11%         2

Your spell library contained the following spells:

 Spells                   Type           Power      Damage    Failure   Level
 Slow                     Hex            12%        N/A       16%         1
 Blink                    Tloc           12%        N/A       16%         2
 Conjure Flame            Conj/Fire      6%         6-21      32%         3
 Mephitic Cloud           Conj/Pois/Air  5%         N/A       36%         3
 Tukima's Dance           Hex            3%         N/A       43%         3
 Passage of Golubria      Tloc           6%         N/A       71%         4
 Yara's Violent Unravell  Hex/Tmut       1%         3d3       99%         5


Dungeon Overview and Level Annotations

Branches:
Dungeon (2/15)

Altars:

Annotations:
D:2 Sigmund


Innate Abilities, Weirdness & Mutations

You sometimes emit foul miasma when damaged in melee.


Message History

Ouch! That really hurt!
Sigmund burns you.
* * * LOW HITPOINT WARNING * * *
Okay, then.
It was a potion of heal wounds.
You feel much better. The orc completely misses you.
Hit: k) +4 whip of Hepliaklqana {drain, rElec rN+}
Press: ? - help, Dir - move target, f/p - orc
Aim: an orc, wielding a +0 short sword and wearing a +0 leather armour (severely wounded, heavily drained, about 38% to evade the +4 whip of Hepliaklqana)
You hit the orc.
You kill the orc!
Hit: k) +4 whip of Hepliaklqana {drain, rElec rN+}
Press: ? - help, Dir - move target, f - orc
Aim: an orc, wielding a +0 whip and wearing a +0 ring mail (about 35% to evade the +4 whip of Hepliaklqana)
You hit the orc.
The orc is heavily wounded.
The orc hits you with a +0 whip.
Hit: k) +4 whip of Hepliaklqana {drain, rElec rN+}
Press: ? - help, Dir - move target, f/p - orc
Aim: an orc, wielding a +0 whip and wearing a +0 ring mail (heavily wounded, about 35% to evade the +4 whip of Hepliaklqana)
You barely miss the orc.
The orc is heavily wounded.
The orc closely misses you.
Sigmund screams, "You will never...
NEVER!!!"
Sigmund hits you with a +5 scythe of flaming.
Sigmund burns you. The orc hits you with a +0 whip.
Hit: k) +4 whip of Hepliaklqana {drain, rElec rN+}
Press: ? - help, Dir - move target, f/p - orc
Aim: an orc, wielding a +0 whip and wearing a +0 ring mail (heavily wounded, about 35% to evade the +4 whip of Hepliaklqana)
You hit the orc but do no damage. You drain the orc.
The orc is severely wounded.
Sigmund closely misses you. The orc hits you with a +0 whip.
Casting: Magic Dart (safe; 8% risk of failure)
Confirm with . or Enter, or press ? or * to list all spells.
A beastly little devil appears in a puff of flame.
The orc closely misses you.
Sigmund hits you from afar with a +5 scythe of flaming!
* * * LOW HITPOINT WARNING * * *
Sigmund burns you.
You die...

#........##.#
####......#.#####
##.....#......
##......#####
##...#.##### ##.........
# ############..######
#.##++##o#8#.8.#8##..#
#....@)#.@5#.#...'..#
#.##''##@#8#.8.#8##.##
#.##.######'#####.#######
#.@..# ##.####.........
#......# #...##...#######
#.8..8.# ##.##....####
##....## ###........#
###### #......##.#
#.#<#####.#


You could see Sigmund, an orc (drained, ally target) and a friendly crimson imp
(summoned).

Vanquished Creatures
  Jessica (D:2)
  A dart slug (D:2)
  An orc (D:2)
  2 endoplasms (D:1)
  A giant cockroach (D:1)
  6 hobgoblins
  2 jackals (D:1)
  5 kobolds (D:1)
  A quokka (D:1)
  3 ball pythons
  2 bats (D:1)
  3 frilled lizards (D:1)
  3 rats (D:1)
31 creatures vanquished.

Notes
Turn   | Place    | Note
-------+----------+-------------------------------------------
     0 | D:1      | Prodoman the Demonspawn Hedge Wizard began the quest for
                  | the Orb.
     0 | D:1      | Reached XP level 1. HP: 13/13 MP: 4/4
   320 | D:1      | Reached skill level 1 in Translocations
   381 | D:1      | Gained mutation: You may rarely emit foul miasma when
                  | damaged in melee. [demonic ancestry]
   381 | D:1      | Reached XP level 2. HP: 6/19 MP: 0/6
   384 | D:1      | Learned a level 2 spell: Call Imp
  1505 | D:2      | Noticed Jessica
  1512 | D:2      | Killed Jessica
  1513 | D:2      | Gained mutation: You sometimes emit foul miasma when
                  | damaged in melee. [demonic ancestry]
  1513 | D:2      | Reached XP level 3. HP: 16/24 MP: 0/8
  1657 | D:2      | Found a faded altar of an unknown god.
  1666 | D:2      | Identified the +4 whip of Hepliaklqana {drain, rElec rN+}
  1854 | D:2      | Noticed Sigmund
  1880 | D:2      | Slain by Sigmund

Illustrated notes

Levels and vault maps discovered:
D:1:      amcnicky_arrival_double_pillar, layout_rooms, minmay_tiny_reverse_x
D:2:      layout_loops_ring, shapermc_ecumenical_altar_starsandcircs,
          wad_orctagon, uniq_jessica, uniq_sigmund

Skill      XL: |  1  2 |
---------------+-------+-----
Translocations | 1 |  1.0
Stealth        | 2 |  2.0
Dodging        | 2 |  2.0
Spellcasting   | |  3.7
Conjurations   | |  1.8
Summonings     | |  1.9

Action                   || total
-------------------------++-------
Melee: Dagger            ||    31
       Punch             ||     1
       Whip              ||     7
 Cast: Magic Dart        ||    74
       Call Imp          ||     1
  Use: Potion            ||     1
Armor: Robe              ||     4
Dodge: Dodged            ||    35
